 Dungeon Crawl Stone Soup version 0.30.0-29-ga12c61a403 (webtiles) character file.

Game seed: 719472512511385023

12362 Dadi the Nimble (level 11, 0/69 HPs)
             Began as a Deep Elf Conjurer on June 13, 2023.
             Was a Believer of Vehumet.
             Slain by a catoblepas (14 damage)
             ... on level 10 of the Dungeon.
             The game lasted 00:40:27 (15195 turns).

Dadi the Nimble (Deep Elf Conjurer)                Turns: 15195, Time: 00:40:27

Health: 0/69       AC: 11    Str:  4    XL:     11   Next: 61%
Magic:  11/26      EV: 17    Int: 28    God:    Vehumet [**....]
Gold:   464        SH:  0    Dex: 13    Spells: 18/28 levels left

rFire   + + .        x - staff of fire
rCold   . . .        (no shield)
rNeg    . . .        O - +2 robe {Will+}
rPois   .            (no helmet)
rElec   .            (no cloak)
rCorr   .            (no gloves)
SInv    .            A - +2 pair of boots {Fly}
Will    ++...        g - amulet of the acrobat
Stlth   ++           z - +4 ring of protection
HPRegen 0.31/turn    r - ring of protection from fire
MPRegen 0.20/turn

%: acrobat
@: flying
A: no striking features
a: Renounce Religion


You were on level 10 of the Dungeon.
You worshipped Vehumet.
Vehumet was pleased with you.
You visited 3 branches of the dungeon, and saw 13 of its levels.

You collected 644 gold pieces.
You spent 180 gold pieces at shops.

Inventory:

Hand Weapons
 j - a +0 mace of holy wrath
 n - a +3 dagger of venom
Missiles
 D - 3 throwing nets
Armour
 a - a +0 robe
 A - a +2 pair of boots of flying (worn)
 O - a +2 robe of willpower (worn)
Magical Staves
 x - a staff of fire (weapon)
Jewellery
 d - a ring of willpower
 g - an amulet of the acrobat (around neck)
 r - a ring of protection from fire (right hand)
 w - a ring of poison resistance
 z - a +4 ring of protection (left hand)
 L - a +5 ring of evasion
Wands
 k - a wand of charming (8)
 B - a wand of iceblast (4)
 I - a wand of polymorph (5)
 R - a wand of digging (5)
Scrolls
 c - a scroll of torment {unknown}
 e - 3 scrolls of enchant armour
 f - a scroll of fog {unknown}
 h - a scroll of poison {unknown}
 i - a scroll of fear
 l - 3 scrolls of teleportation
 o - a scroll of magic mapping
 p - 2 scrolls of noise {unknown}
 s - 3 scrolls of amnesia
 u - a scroll of acquirement {unknown}
 y - 2 scrolls of enchant weapon
 F - a scroll of summoning {unknown}
 G - 2 scrolls of blinking {unknown}
 J - a scroll of immolation {unknown}
 N - a scroll of brand weapon {unknown}
Potions
 b - 3 potions of magic
 q - 4 potions of curing
 t - a potion of attraction
 v - a potion of resistance {unknown}
 C - 3 potions of brilliance {unknown}
 E - 5 potions of might {unknown}
 H - a potion of lignification {unknown}
 K - a potion of invisibility {unknown}
 M - 3 potions of flight {unknown}
 P - 3 potions of mutation {unknown}
 Q - a potion of ambrosia {unknown}


   Skills:
 - Level 8.6 Fighting
 - Level 12.4 Dodging
 - Level 2.4 Stealth
 + Level 9.0 Spellcasting
 + Level 8.4 Conjurations
 - Level 8.2 Hexes
 + Level 4.4 Fire Magic


You had 18 spell levels left.
You knew the following spells:

 Your Spells              Type           Power      Damage    Failure   Level
a - Magic Dart            Conj           100%       1d8       1%          1
b - Searing Ray           Conj           100%       2d8       1%          2
c - Dazzling Flash        Conj/Hex       100%       N/A       1%          3
d - Fulminant Prism       Conj/Hex       28%        3d13      1%          4

Your spell library contained the following spells:

 Spells                   Type           Power      Damage    Failure   Level
 Inner Flame              Hex/Fire       64%        N/A       1%          3
 Static Discharge         Conj/Air       72%        2-5/arc   1%          2
 Tukima's Dance           Hex            56%        N/A       1%          3
 Iskenderun's Mystic Bla  Conj/Tloc      36%        2d9       8%          4
 Yara's Violent Unravell  Hex/Tmut       17%        3d8       22%         5
 Airstrike                Air            6%         2d(1-17)  41%         4
 Passage of Golubria      Tloc           12%        N/A       41%         4
 Summon Lightning Spire   Summ/Air       12%        N/A       41%         4


Dungeon Overview and Level Annotations

Branches:
Dungeon (11/15)            Temple (1/1) D:6            Lair (1/5) D:9
    Orc: D:9-12

Altars:
Ashenzari
Cheibriados
Dithmenos
Elyvilon
Fedhas
Gozag
Hepliaklqana
Kikubaaqudgha
Makhleb
Nemelex Xobeh
Okawaru
Qazlal
Ru
Sif Muna
Trog
Uskayaw
Vehumet
Wu Jian
Xom
Yredelemnul
Zin
The Shining One

Shops:
D:5 [:   D:6 !   D:9 **?*?

Portals:
Trove: D:10 (lose all piety)

Annotations:
D:11 Lodul


Message History

The catoblepas is heavily wounded.
The catoblepas gores you!
Unknown command.
The searing ray hits the catoblepas but does no damage.
The catoblepas is heavily wounded.
The catoblepas misses you.
The searing ray hits the catoblepas but does no damage.
The catoblepas is heavily wounded.
You finish channelling your searing ray.
The catoblepas gores you!!
Casting: Searing Ray (safe; 1% risk of failure)
Confirm with . or Enter, or press ? or * to list all spells.
Aiming: Searing Ray (safe; 1% risk of failure)
Press: ? - help, Shift-Dir - straight line, f/p - catoblepas
Aim: a catoblepas (heavily wounded, 100% to hit)
The searing ray hits the catoblepas.
The catoblepas is heavily wounded. (Press . to maintain the ray.)
The catoblepas gores you.
The searing ray hits the catoblepas.
The catoblepas is severely wounded.
The catoblepas misses you.
The searing ray hits the catoblepas.
The catoblepas is severely wounded.
The catoblepas breathes a plume of calcifying dust at you.
The blast of calcifying dust hits you but does no damage.
The searing ray hits the catoblepas.
The catoblepas is severely wounded.
You finish channelling your searing ray.
You are engulfed in calcifying dust.
The catoblepas closely misses you.
You are engulfed in calcifying dust.
The catoblepas gores you!!
* * * LOW HITPOINT WARNING * * *
You fly upwards.
There is a stone staircase leading down here.
Casting: Searing Ray (safe; 1% risk of failure)
Confirm with . or Enter, or press ? or * to list all spells.
Casting: Dazzling Flash (safe; 1% risk of failure)
Press: ? - help, Dir - look around, f - activate The catoblepas gores you!
You die...

#...........#####
####............##
........#..##....#
.....##....###...#
##....##....##...#####
.#...#.......##......##
..#.##................#
#####..#...#.........##
# ##.....####Y@...## #
#.....# ###.#.# ###
#...### #.### ..# ##..#
### ### #.## # ###


You could see a catoblepas.

Vanquished Creatures
  Erica (D:10)
  2 two-headed ogres
  An ugly thing (D:11)
  A cyclops (D:10)
  2 hornets
  A queen bee (D:10)
  2 trolls (D:11)
  Prince Ribbit (D:5)
  A shadow (D:11)
  2 wyverns (D:9)
  2 wraiths
  3 basilisks (D:9)
  12 yaks
  3 vampire mosquitoes (D:10)
  2 steam dragons
  5 water moccasins
  7 orc warriors
  2 sky beasts
  An ice beast (D:6)
  4 black bears
  3 wolves (D:9)
  An ogre (D:11)
  7 centaurs (D:11)
  A phantom (D:7)
  A bullfrog (D:9)
  A gnoll sergeant (D:10)
  3 scorpions
  22 killer bees
  A howler monkey (D:6)
  3 gnoll boudas
  8 orc priests
  2 sleepcaps
  4 iguanas
  Jessica (D:3)
  10 orc wizards
  A human simulacrum (D:11)
  20 gnolls
  8 adders
  2 ufetubi
  2 worms
  41 orcs
  6 endoplasms
  3 giant cockroaches
  6 goblins
  12 hobgoblins
  7 jackals
  14 kobolds
  6 quokkas
  3 ball pythons
  7 bats
  2 frilled lizards (D:2)
  8 rats
271 creatures vanquished.

Vanquished Creatures (others)
  2 ogres (D:11)
  A human simulacrum (D:11)
  A quokka (D:10)
  45 fulminant prisms
49 creatures vanquished.

Grand Total: 320 creatures vanquished

Notes
Turn   | Place    | Note
-------+----------+-------------------------------------------
     0 | D:1      | Dadi the Deep Elf Conjurer began the quest for the Orb.
     0 | D:1      | Reached XP level 1. HP: 10/10 MP: 6/6
   169 | D:1      | Reached XP level 2. HP: 15/15 MP: 5/8
   642 | D:1      | Learned a level 2 spell: Searing Ray
  1036 | D:2      | Reached skill level 5 in Conjurations
  1036 | D:2      | Reached XP level 3. HP: 19/19 MP: 5/10
  1662 | D:3      | Learned a level 3 spell: Dazzling Flash
  1683 | D:3      | Reached XP level 4. HP: 24/24 MP: 8/12
  1929 | D:3      | Reached skill level 5 in Spellcasting
  1963 | D:3      | Noticed Jessica
  1966 | D:3      | Killed Jessica
  2252 | D:3      | Reached XP level 5. HP: 28/28 MP: 10/14
  3000 | D:4      | Reached XP level 6. HP: 32/32 MP: 10/17
  3310 | D:4      | Noticed a water moccasin
  3464 | D:4      | You fall into a shaft and drop 1 floor!
  3464 | D:5      | Entered Level 5 of the Dungeon
  3470 | D:5      | Found a shadowy altar of Dithmenos.
  3599 | D:5      | Reached skill level 1 in Hexes
  3985 | D:5      | Reached XP level 7. HP: 36/36 MP: 12/19
  3990 | D:5      | Learned a level 4 spell: Fulminant Prism
  4217 | D:5      | Found Tufodd's Antique Armour Boutique.
  4225 | D:5      | Bought a pair of glowing boots for 180 gold pieces
  4401 | D:5      | Found Iteovvaa's Book Emporium.
  4436 | D:5      | Reached skill level 5 in Hexes
  4515 | D:5      | Noticed Prince Ribbit
  4772 | D:4      | Found a bloodstained altar of Trog.
  5038 | D:5      | Killed Prince Ribbit
  5039 | D:5      | Reached XP level 8. HP: 41/41 MP: 13/20
  5133 | D:5      | Reached skill level 1 in Fighting
  5133 | D:5      | Reached skill level 3 in Dodging
  5428 | D:6      | Found Tibe's Distillery.
  5518 | D:6      | Reached skill level 4 in Dodging
  5627 | D:6      | Found a sparkling altar of Nemelex Xobeh.
  5649 | D:6      | Found a staircase to the Ecumenical Temple.
  5689 | Temple   | Entered the Ecumenical Temple
  6107 | D:6      | Found a stormy altar of Qazlal.
  6249 | D:6      | Reached skill level 5 in Dodging
  6375 | D:6      | Found a sacrificial altar of Ru.
  6915 | D:7      | Found a hide-covered altar of Uskayaw.
  7104 | D:7      | Reached skill level 6 in Dodging
  7147 | D:7      | HP: 2/48 [orc warrior/+0 mace (9)]
  7343 | D:7      | Reached XP level 9. HP: 52/52 MP: 13/21
  7734 | D:7      | Reached skill level 7 in Dodging
  8423 | D:8      | Found a radiant altar of Vehumet.
  8472 | D:8      | Became a worshipper of Vehumet
  8601 | D:8      | Reached skill level 5 in Fighting
  8602 | D:8      | Reached skill level 8 in Dodging
  8890 | D:9      | Found Ufuil's Assorted Antiques.
  9040 | D:9      | Reached * piety under Vehumet
  9040 | D:9      | Offered knowledge of Foxfire by Vehumet.
  9095 | D:9      | Reached skill level 9 in Dodging
  9260 | D:9      | Found Fuym's General Store.
  9443 | D:9      | Reached XP level 10. HP: 61/61 MP: 14/22
  9566 | D:9      | Found a staircase to the Lair.
  9594 | D:9      | Reached skill level 10 in Dodging
 10094 | D:9      | Found Mofosyib's Assorted Antiques.
 10210 | D:9      | Found Dif Tuxe's Magic Scroll Shoppe.
 10281 | D:9      | Reached ** piety under Vehumet
 10281 | D:9      | Offered knowledge of Freeze by Vehumet.
 10382 | D:9      | Found Uxedos's Magic Scroll Emporium.
 10718 | D:10     | Entered Level 10 of the Dungeon
 10777 | D:9      | Reached skill level 11 in Dodging
 12065 | D:10     | Reached skill level 12 in Dodging
 12442 | D:10     | Offered knowledge of Inner Flame by Vehumet.
 12483 | D:10     | Reached XP level 11. HP: 63/69 MP: 13/23
 12729 | D:10     | Found a portal to a secret trove of treasure.
 12780 | D:10     | Noticed Erica
 12891 | D:11     | Noticed a catoblepas
 12912 | D:11     | Noticed Lodul
 12918 | D:10     | Reached skill level 1 in Fire Magic
 13053 | D:10     | Found a white marble altar of Elyvilon.
 13248 | D:11     | Noticed a two-headed ogre
 13526 | D:11     | Noticed a catoblepas
 13810 | D:11     | Noticed an orc knight
 13921 | Lair:1   | Entered Level 1 of the Lair of Beasts
 13935 | Lair:1   | Noticed a skyshark
 13975 | D:10     | Killed Erica
 14179 | D:10     | Killed a two-headed ogre
 14391 | D:11     | Noticed a boulder beetle
 14572 | D:11     | Noticed a two-headed ogre
 14573 | D:11     | Identified the staff of air "Myerud Hoich" {rElec Dex+3}
 14586 | D:11     | Killed a two-headed ogre
 14984 | D:11     | Noticed a brown ugly thing
 14998 | D:11     | Killed a brown ugly thing
 15195 | D:10     | Slain by a catoblepas

Illustrated notes

Levels and vault maps discovered:
D:1:      dpeg_arrival_long_road, layout_rooms, grunt_decor_junction
D:2:      layout_loops_ring
D:3:      layout_basic, guppyfry_early_orc_mine, uniq_jessica
D:4:      layout_cave_pools, trog_hazing_becter
D:5:      layout_loops_corners, grunt_dithmenos_smoke_and_mirrors, serial_shops,
          nicolae_shop_waterfront, nicolae_shop_advertising_works
          [nicolae_subvault_shop_adworks], kennysheep_generic_room_4,
          uniq_prince_ribbit1
D:6:      layout_basic, kennysheep_mini, nicolae_ru_the_path_less_chosen,
          general_overflow_altar, minmay_temple_entry_hall, serial_shops,
          nicolae_shop_hallway_plus, nicolae_titane
D:7:      layout_gridville, mainiacjoe_overflow_six_doors_small,
          minmay_small_thing
D:8:      layout_rooms, mainiacjoe_overflow_24_doors
D:9:      layout_basic, minmay_lair_entry_grove, serial_shops,
          nicolae_shop_rolled_up, nicolae_stop_n_shop_2,
          nicolae_shop_waterfront, nicolae_shop_statue_plus, shop_fountains
D:10:     layout_cave_pools, elyvilon_altar_4, enter_trove_0,
          nicolae_looking_at_the_future, uniq_erica
D:11:     nzn_winding_woodlands_small [nzn_winding_woodlands_5x15_sidewinder,
          nzn_winding_woodlands_center_triple_pond,
          nzn_winding_woodlands_5x15_pockets], layout_loops_ring,
          bh_circular_ruins, uniq_lodul
Temple:   nicolae_temple_bog_church
Lair:1:   wander_river, layout_regular_city, hangedman_lair_unloving_vines,
          chequers_serial_rivers_micro_c, grunt_megastairs_5, lemuel_fruit_tree

Skill      XL: |  1  2  3  4  5  6  7  8  9 10 11 |
---------------+----------------------------------+-----
Spellcasting   | 4 5 6 7 9 |  9.0
Conjurations   | 5 6 7 8 |  8.4
Hexes          | 3 8 |  8.2
Fighting       | 3 6 8 |  8.6
Dodging        | 6 9 12 | 12.4
Fire Magic     | 4 |  4.4
Stealth        | |  2.4

Action                     |  1- 3 |  4- 6 |  7- 9 | 10-12 || total
---------------------------+-------+-------+-------+-------++-------
  Melee: Dagger            |       |       |    14 |     5 ||    19
         Staff             |       |       |       |     4 ||     4
   Cast: Magic Dart        |    66 |   107 |   153 |   146 ||   472
         Searing Ray       |     3 |    13 |    37 |    79 ||   132
         Fulminant Prism   |       |       |    17 |    28 ||    45
         Dazzling Flash    |       |       |       |     8 ||     8
    Use: Scroll            |       |       |     2 |     9 ||    11
         Potion            |       |       |       |     1 ||     1
 Armour: Robe              |       |     3 |    24 |    41 ||    68
  Dodge: Dodged            |     2 |    18 |    88 |   303 ||   411
